Map: Dusk Towers

Players

speaknow (ByuN) - Winner!

  • Race: Terran Terran
  • League: Platinum

puCK (Nina)

  • Race: Protoss Protoss
  • League: Grandmaster

VOD

Have the link to the VOD?

Description

Time

  • Played on: Dec. 14, 2015, 6:44 p.m.
  • Length: 14:57
Show
View Real Time Build Order
Export as new Build Order

speaknow Terran - Winner!

Build Orders: Reaper Expand, MMM Bio 

Get SALT Encoding   

  12  0:00  SCV  
  13  0:13  SCV  
  14  0:17  Supply Depot  
  14  0:25  SCV  
  15  0:39  SCV  
  15  0:40  Barracks  
  16  0:44  Refinery  
  16  0:51  SCV  
  17  1:03  SCV  
  18  1:15  SCV  
  19  1:27  Orbital Command  
  19  1:28  Reaper  
  20  1:39  Command Center  
  20  1:48  Supply Depot  
  20  1:53  SCV  
  21  2:00  Barracks Reactor  
  21  2:05  SCV  
  22  2:17  SCV  
  22  2:21  Factory  
  23  2:29  SCV  
  24  2:32  Refinery  
  24  2:39  Marine x2  
  24  2:41  SCV  
  27  2:53  SCV  
  27  2:54  Orbital Command  
  27  2:57  Marine x2  
  30  3:05  SCV, Starport, Widow Mine  
  33  3:15  Marine x2  
  33  3:17  SCV  
  33  3:19  SCV  
  37  3:30  SCV  
  37  3:31  SCV  
  37  3:33  Marine x2  
  40  3:39  Widow Mine  
  40  3:40  Supply Depot  
  42  3:42  SCV, Medivac  
  42  3:43  SCV  
  46  3:49  Barracks  
  46  3:53  Barracks  
  46  3:59  Supply Depot  
  46  4:01  SCV x2, Marine x2  
  50  4:05  Supply Depot  
  50  4:08  Factory Tech Lab  
  50  4:12  Starport Tech Lab  
  50  4:13  SCV  
  50  4:14  SCV  
  52  4:19  Marine x2  
  54  4:24  Engineering Bay  
  54  4:26  SCV x2  
  56  4:36  Refinery  
  56  4:37  Marine x2  
  56  4:38  SCV x2  
  60  4:44  Barracks  
  60  4:45  Barracks  
  60  4:47  Supply Depot  
  60  4:50  SCV x2  
  62  4:58  Marauder x2  
  62  4:59  Marine x2  
  68  5:02  SCV x2, Stimpack  
  68  5:06  Starport Reactor  
  70  5:12  Refinery  
  70  5:14  SCV x2, Supply Depot  
  70  5:17  Terran Infantry Weapons Level 1  
  70  5:19  Combat Shields  
  70  5:20  Marine  
  71  5:21  Marine  
  71  5:26  SCV x2, Marauder  
  71  5:27  Marauder  
  78  5:30  Factory Reactor  
  78  5:36  Barracks Reactor, Barracks Tech Lab  
  78  5:39  Supply Depot  
  78  5:41  Marine x2  
  80  5:43  Medivac x2  
  84  5:53  Supply Depot  
  84  5:54  Supply Depot  
  80  5:59  Marauder x3  
  80  6:01  Concussive Shells  
  86  6:05  Supply Depot  
  86  6:11  Command Center  
  86  6:17  Marine x4  
  90  6:21  Medivac  
  90  6:23  Medivac  
  94  6:29  SCV x2  
  96  6:33  Supply Depot  
  96  6:36  Marine x3  
  96  6:37  Marine  
  102  6:40  Marauder x2  
  102  6:42  Marauder  
  102  6:46  SCV x2  
  108  6:48  Supply Depot  
  108  6:52  Widow Mine  
  108  6:53  Widow Mine  
  112  6:59  Medivac x2  
  116  7:06  SCV x2  
  118  7:09  Marine  
  118  7:10  Marine x3  
  118  7:14  Marauder  
  123  7:18  SCV x2  
  123  7:27  Widow Mine x2  
  124  7:30  SCV  
  124  7:31  SCV  
  126  7:42  Marine x3  
  126  7:43  SCV  
  128  7:50  Orbital Command  
  122  7:52  SCV  
  122  7:55  SCV  
  122  7:56  Marauder  
  122  7:58  Marine x2  
  108  8:00  Marine  
  108  8:04  SCV  
  101  8:07  SCV  
  98  8:15  Terran Infantry Armor Level 1  
  98  8:16  SCV  
  98  8:17  Marauder x2  
  98  8:19  SCV  
  104  8:22  Marine x2  
  104  8:23  Marine x2  
  107  8:29  Armory  
  107  8:30  Engineering Bay  
  107  8:31  SCV x2  
  107  8:33  SCV  
  110  8:40  Marauder x3  
  115  8:48  Marine  
  115  8:49  Marine x3  
  115  8:50  Widow Mine  
  115  8:51  Widow Mine  
  115  8:54  Medivac x2  
  127  9:00  SCV  
  127  9:01  SCV x2  
  130  9:02  Refinery x2  
  130  9:04  Supply Depot  
  130  9:07  Liberator x2  
  130  9:10  Marauder  
  130  9:11  Marine x3, Marauder x2  
  130  9:13  SCV x3, Marine  
  139  9:19  Terran Infantry Weapons Level 2  
  139  9:27  SCV x2  
  139  9:28  SCV  
  147  9:37  Marauder x2  
  148  9:42  Marine x3  
  148  9:43  Marine  
  148  9:48  SCV x3  
  148  9:49  Barracks  
  148  9:50  Barracks  
  148  9:52  Missile Turret, Barracks  
  151  9:56  Supply Depot  
  151  9:57  Supply Depot  
  151  9:59  Liberator  
  151  10:01  Liberator, Widow Mine x2  
  155  10:08  Terran Ship Weapons Level 1  
  155  10:15  Marauder x2  
  155  10:16  Marauder  
  167  10:30  Marine x4  
  165  10:37  Marauder x2  
  165  10:41  Marauder  
  171  10:44  Barracks Reactor, Barracks Tech Lab x2  
  168  10:58  Marauder x2  
  168  10:59  Marine x2  
  168  11:01  Widow Mine x2  
  168  11:03  Marauder  
  150  11:04  Medivac x2  
  150  11:05  Marine x2  
  150  11:07  SCV  
  142  11:11  SCV x2  
  134  11:19  SCV  
  134  11:20  Marauder x2  
  134  11:21  Marine  
  134  11:23  SCV x2  
  142  11:30  Marine x2  
  145  11:34  Marine x2  
  145  11:35  Marine  
  147  11:41  Marauder x2  
  147  11:42  Marine x2, Marauder  
  147  11:44  Marine  
  156  11:48  Marine  
  156  11:50  Marine  
  156  11:52  Marine x2  
  160  11:56  Missile Turret, Liberator x2  
  160  11:57  Missile Turret  
  151  12:13  Widow Mine x2  
  161  12:26  Marine x2  
  161  12:27  Marine x4  
  167  12:30  Command Center  
  167  12:34  Marauder x4  
  167  12:36  Terran Infantry Armor Level 2  
  175  12:41  Supply Depot  
  175  12:46  Liberator x2  
  175  12:51  Marine x4  
  179  13:04  Ghost Academy  
  183  13:29  Liberator x2  
  183  13:33  Sensor Tower  
  170  13:48  Marine x5  
  175  13:49  Ghost x4  
  175  13:51  Marine  
  185  14:03  Planetary Fortress  
  185  14:05  Missile Turret  
  185  14:16  Ghost  
  187  14:17  Ghost  
Show
View Real Time Build Order
Export as new Build Order

puCK Protoss 

Build Orders: Nexus First, Blink Stalkers 

Get SALT Encoding   

  12  0:01  Probe (Chrono Boost)  
  13  0:11  Probe (Chrono Boost)  
  14  0:19  Pylon  
  14  0:22  Probe (Chrono Boost)  
  15  0:38  Probe (Chrono Boost)  
  16  0:48  Probe (Chrono Boost)  
  17  0:58  Nexus  
  17  1:07  Gateway  
  17  1:11  Probe (Chrono Boost)  
  18  1:17  Assimilator  
  18  1:21  Probe (Chrono Boost)  
  19  1:25  Assimilator  
  19  1:32  Probe (Chrono Boost)  
  20  1:34  Pylon  
  20  1:42  Probe (Chrono Boost)  
  21  1:53  Probe (Chrono Boost)  
  22  1:58  Cybernetics Core  
  22  2:02  Zealot (Chrono Boost)  
  22  2:03  Probe (Chrono Boost)  
  25  2:09  Probe  
  26  2:15  Probe (Chrono Boost)  
  26  2:20  Probe (Chrono Boost)  
  29  2:32  Probe (Chrono Boost)  
  29  2:35  Mothership Core (Chrono Boost)  
  31  2:38  Warp Gate  
  31  2:41  Adept  
  32  2:47  Probe (Chrono Boost)  
  33  2:55  Probe (Chrono Boost)  
  33  2:57  Probe (Chrono Boost)  
  36  3:05  Twilight Council, Probe (Chrono Boost)  
  36  3:08  Probe (Chrono Boost)  
  37  3:16  Probe (Chrono Boost)  
  37  3:18  Probe (Chrono Boost)  
  39  3:29  Probe (Chrono Boost)  
  39  3:32  Probe (Chrono Boost)  
  41  3:37  Pylon  
  41  3:38  Nexus  
  41  3:39  Probe (Chrono Boost)  
  42  3:42  Blink (Chrono Boost)  
  42  3:43  Probe (Chrono Boost)  
  43  3:51  Probe  
  43  3:53  Probe  
  45  3:59  Robotics Facility  
  45  4:03  Probe  
  45  4:04  Probe  
  47  4:14  Probe  
  47  4:15  Probe, Gateway  
  49  4:18  Gateway  
  49  4:20  Gateway  
  49  4:25  Probe  
  49  4:26  Pylon  
  49  4:27  Probe  
  49  4:33  Pylon  
  49  4:35  Probe  
  50  4:38  Gateway  
  50  4:39  Probe  
  50  4:43  Stalker  
  53  4:46  Probe  
  53  4:47  Observer (Chrono Boost)  
  53  4:50  Assimilator x2  
  55  4:53  Probe  
  55  4:55  Pylon  
  56  5:03  Probe  
  56  5:06  Probe  
  57  5:09  Stalker  
  57  5:10  Probe  
  59  5:16  Probe  
  59  5:20  Stalker x2  
  64  5:22  Observer (Chrono Boost)  
  64  5:23  Probe  
  64  5:25  Probe  
  64  5:28  Probe  
  67  5:32  Pylon  
  67  5:35  Stalker x2  
  72  5:38  Stalker  
  72  5:41  Probe  
  72  5:42  Probe x2  
  75  5:47  Warp Prism (Chrono Boost)  
  79  5:52  Probe  
  79  5:53  Probe  
  79  5:56  Probe  
  81  6:03  Probe, Forge  
  82  6:04  Stalker  
  82  6:05  Probe  
  82  6:06  Stalker, Probe  
  89  6:13  Stalker, Probe  
  89  6:15  Stalker  
  89  6:17  Probe  
  95  6:22  Pylon  
  95  6:25  Pylon  
  95  6:27  Immortal (Chrono Boost)  
  95  6:28  Resonating Glaives  
  99  6:38  Stalker  
  101  6:41  Protoss Ground Armor Level 1 (Chrono Boost)  
  101  6:46  Forge  
  100  6:49  Adept x3  
  100  6:50  Adept, Pylon  
  100  6:51  Pylon  
  107  6:54  Assimilator  
  107  6:55  Assimilator  
  107  6:59  Pylon  
  107  7:01  Stalker  
  109  7:05  Immortal (Chrono Boost)  
  113  7:12  Stalker x3  
  115  7:24  Adept x2  
  119  7:32  Probe  
  119  7:36  Adept x2  
  119  7:37  Adept  
  126  7:39  Immortal (Chrono Boost)  
  126  7:41  Pylon  
  130  7:44  Pylon  
  122  7:51  Adept  
  122  7:53  Adept  
  122  7:57  Adept x3  
  107  8:08  Immortal (Chrono Boost)  
  107  8:10  Protoss Ground Weapons Level 1 (Chrono Boost)  
  111  8:15  Adept x2  
  111  8:16  Gateway x2  
  111  8:17  Mothership Core  
  111  8:18  Gateway  
  113  8:20  Pylon  
  113  8:21  Adept x3  
  113  8:23  Pylon  
  113  8:24  Photon Cannon  
  119  8:27  Photon Cannon  
  119  8:33  Pylon  
  119  8:35  Photon Cannon  
  119  8:36  Adept x2  
  123  8:44  Templar Archives  
  123  8:46  Protoss Ground Armor Level 2 (Chrono Boost)  
  119  8:48  Adept x2  
  119  8:53  Adept  
  125  8:56  Warp Prism  
  125  9:02  Sentry x2  
  131  9:09  Pylon  
  131  9:13  Sentry  
  131  9:14  Adept x2  
  135  9:17  Adept x2  
  135  9:18  Adept  
  135  9:20  Pylon  
  135  9:32  Stalker x2  
  135  9:46  Stalker x4  
  135  9:49  Stalker x2  
  147  9:54  Psionic Storm  
  147  9:57  Protoss Ground Weapons Level 2 (Chrono Boost)  
  147  10:02  Stalker x2  
  151  10:15  Stalker x4  
  151  10:16  Stalker x2  
  151  10:21  Pylon  
  163  10:24  Pylon  
  163  10:26  Dark Shrine  
  155  10:42  Stalker x5  
  165  10:44  Adept x2  
  169  10:50  Stalker  
  135  11:09  Stalker x3  
  93  11:18  High Templar  
  93  11:19  High Templar  
  93  11:21  Nexus  
  97  11:26  Adept x3  
  97  11:32  Pylon  
  101  11:35  Adept x3  
  101  11:36  Immortal, Pylon  
  111  11:47  Dark Templar  
  111  11:48  Dark Templar  
  111  11:51  Dark Templar  
  111  11:53  Adept  
  119  12:00  Adept x2  
  119  12:01  Adept  
  121  12:04  Pylon  
  117  12:09  High Templar  
  117  12:11  Immortal  
  117  12:13  Nexus  
  117  12:15  Pylon  
  117  12:16  Pylon  
  117  12:18  Adept, Pylon  
  123  12:27  Adept x3  
  123  12:28  Adept  
  130  12:37  Nexus  
  130  12:38  Pylon  
  130  12:40  Pylon  
  130  12:42  Adept x4  
  138  12:49  High Templar x2  
  142  12:52  Immortal  
  144  13:02  Dark Templar  
  144  13:18  High Templar  
  144  13:19  High Templar  
  142  13:21  Adept x2  
  142  13:23  Photon Cannon  
  132  13:46  Stalker x2  
  132  13:47  Stalker  
  138  14:00  Stalker x2  
  142  14:08  Pylon  
  142  14:16  High Templar x4  
  150  14:20  Archon x2  
  148  14:36  Pylon  
  145  14:40  Archon x2  
  121  14:49  Assimilator  
Tags
 
Add a new tag
Caveats
  • Supply blocks, unpowered buildings, or Contaminate may cause inaccurate times.
  • Supply counts are checked every 10 seconds.